 Dungeon Crawl Stone Soup version 0.24.0-13-gcf9b3192b9 (webtiles) character file.

Game seed: 5430080398228784114, levelgen mode: deterministic

175 Esekla the Vexing (level 5, -3/39 HPs)
             Began as a Formicid Enchanter on Nov 5, 2019.
             Slain by a wolf (9 damage)
             ... led by Grum
             ... on level 8 of the Dungeon.
             The game lasted 00:20:54 (2943 turns).

Esekla the Vexing (Formicid Enchanter)              Turns: 2943, Time: 00:20:54

Health: -3/39      AC:  2    Str: 16    XL:     5   Next: 85%
Magic:  5/8        EV: 12    Int: 15    God:
Gold:   79         SH:  0    Dex: 11    Spells: 1/8 levels left

rFire    . . .     SeeInvis +   a - +1 dagger
rCold    . . .     Gourm    .   (no shield)
rNeg     . . .     Faith    .   b - +0 robe
rPois    .         Spirit   .   (helmet unavailable)
rElec    .         Reflect  .   (no cloak)
rCorr    .         Harm     .   (no gloves)
MR       .....                  (no boots)
Stlth    ++........             (no amulet)
HPRegen  0.13/turn              i - +3 ring of strength
MPRegen  0.11/turn              k - ring of wizardry

@: no status effects
A: permanent stasis, dig shafts and tunnels, four strong arms, antennae 3
a: Dig, Shaft Self


You were on level 8 of the Dungeon.
You were near starving.

You visited 1 branch of the dungeon, and saw 6 of its levels.

You collected 79 gold pieces.

Inventory:

Hand Weapons
 a - a +1 dagger (weapon)
 m - a +0 spear
Missiles
 n - 17 poisoned darts (quivered)
Armour
 b - a +0 robe (worn)
Jewellery
 i - a +3 ring of strength (left hand)
 k - a ring of wizardry (right hand)
Wands
 j - a wand of digging (3)
Scrolls
 c - 2 scrolls of noise {unknown}
 e - a scroll of enchant armour {unknown}
Potions
 f - a potion of resistance {unknown}
 g - a potion of degeneration {unknown}
 h - a potion of haste {unknown}
 l - a potion of agility {unknown}
Comestibles
 d - 3 rations


   Skills:
 * Level 2.6 Fighting
 * Level 3.6 Short Blades
 + Level 2.5 Dodging
 - Level 3.6 Stealth
 - Level 2.1 Spellcasting
 * Level 1.1 Conjurations
 - Level 3.6 Hexes


You had one spell level left.
You knew the following spells:

 Your Spells              Type           Power        Failure   Level  Hunger
a - Corona                Hex            ##.....      1%          1    #......
b - Tukima's Dance        Hex            ##......     6%          3    ###....
d - Dazzling Spray        Conj/Hex       #.....       10%         3    ###....

Your spell library contained the following spells:

 Spells                   Type           Power        Failure   Level  Hunger
 Ensorcelled Hibernation  Hex/Ice        #.....       6%          2    ###....
 Confuse                  Hex            ##......     6%          3    ###....


Dungeon Overview and Level Annotations

Branches:
Dungeon (9/15)                Orc (0/2) D:9
 Temple: D:4-7         Lair: D:8-11

Altars:
Ru
Sif Muna
Yredelemnul

Annotations:
D:8 Grum, Maurice


Innate Abilities, Weirdness & Mutations

You cannot be hasted, slowed, berserked, paralysed or teleported.
You can dig through walls and to a lower floor.
Your four strong arms can wield two-handed weapons with a shield.
You have a pair of large antennae on your head. (SInv)


Message History

Found a ration.
The leopard gecko hisses angrily.
There is a stone staircase leading up here.
You climb upwards.
Grum growls angrily. 2 jackals, 3 wolves and a giant cockroach come into view.
The jackal barks!
You hear a howl!
The jackal barks!
The wolf howls! x2
You hear a shout!
Found 8 gold pieces and 13 sling bullets.
There is a stone staircase leading down here.
A wolf comes into view.
The wolf howls!
A jackal comes into view.
Are you sure you want to shaft yourself?
You feel quite a bit more hungry. The wolf bites you but does no damage.
The wolf barely misses you. The wolf misses you.
You begin to dig a shaft.
You continue digging a shaft.
The jackal barks!
The wolf completely misses you. The wolf bites you!
You die...

### .. ..
...## ##
..s.....@
.#.#.#.
h.#..
#.h(#
#g#.##
#h>..#
#@h#..#
#....#.#
#.#.## ..
#h#... .
#.#####
#h# .h.
###


You could see Maurice, Grum, 4 wolves, 3 jackals and a giant cockroach.

Vanquished Creatures
  Jessica (D:2)
  5 adders
  4 oozes
  A worm (D:2)
  3 dart slugs
  A leopard gecko (D:2)
  6 orcs (D:3)
  2 ball pythons (D:1)
  6 bats
  5 giant cockroaches
  3 goblins
  4 hobgoblins (D:2)
  7 jackals
  7 frilled lizards
  12 kobolds
  6 rats
73 creatures vanquished.

Notes
Turn   | Place    | Note
-------+----------+-------------------------------------------
     0 | D:1      | Esekla the Formicid Enchanter began the quest for the Orb.
     0 | D:1      | Reached XP level 1. HP: 13/13 MP: 3/3
    40 | D:1      | Reached XP level 2. HP: 15/20 MP: 5/5
   143 | D:1      | Reached skill level 1 in Fighting
   330 | D:1      | Reached XP level 3. HP: 26/26 MP: 4/6
   350 | D:1      | Learned a level 3 spell: Dazzling Spray
  1400 | D:2      | Reached XP level 4. HP: 14/33 MP: 7/7
  1577 | D:2      | Learned a level 3 spell: Tukima's Dance
  1609 | D:2      | Found a sacrificial altar of Ru.
  1656 | D:2      | Noticed Jessica
  1670 | D:2      | You fall into a shaft and drop 1 floor!
  2197 | D:2      | Reached XP level 5. HP: 38/38 MP: 6/8
  2258 | D:2      | Killed Jessica
  2258 | D:2      | Reached skill level 1 in Conjurations
  2848 | D:3      | Found a basalt altar of Yredelemnul.
  2850 | D:3      | Found a shimmering blue altar of Sif Muna.
  2912 | D:3      | You fall into a shaft and drop 3 floors!
  2924 | D:6      | Noticed a water moccasin
  2932 | D:6      | You fall into a shaft and drop 3 floors!
  2932 | D:9      | Found a staircase to the Orcish Mines.
  2932 | D:9      | Noticed a yak
  2932 | D:9      | Noticed a yak
  2932 | D:9      | Noticed a yak
  2940 | D:8      | Noticed Grum
  2940 | D:8      | Noticed a wolf
  2940 | D:8      | Noticed a wolf
  2940 | D:8      | Noticed a wolf
  2941 | D:8      | Noticed a wolf
  2942 | D:8      | Noticed Maurice
  2943 | D:8      | Slain by a wolf

Levels and vault maps discovered:
D:1:      lightli_arrival_statue_moat, layout_loops_ring, serial_aquarium,
          aquarium_bridge_island_small [aquarium_subvault_small_open,
          aquarium_subvault_wall, aquarium_subvault_balcony,
          aquarium_subvault_window, aquarium_subvault_bridge],
          aquarium_window_fake, aquarium_window_fake, aquarium_view_2f,
          aquarium_view_2a
D:2:      layout_rooms, first_ration, nicolae_ru_awakened_eye, uniq_jessica
D:3:      layout_basic, grunt_temple_overflow_open
D:6:      layout_cave_pools, basic_altar, minmay_microvault
D:8:      layout_loops_ring, hellmonk_ghost_happy_afterlife, serial_shops,
          nicolae_shop_stone, uniq_grum, uniq_erica, uniq_maurice, uniq_psyche
D:9:      layout_rooms, gammafunk_temple_overflow_claw

Skill      XL: |  1  2  3  4  5 |
---------------+----------------+-----
Fighting       | 1 2 |  2.6
Dodging        | 2 |  2.5
Short Blades   | 2 3 |  3.6
Conjurations   | 1 |  1.1
Stealth        | |  3.6
Spellcasting   | |  2.1
Hexes          | |  3.6

Action                   |  1- 3 |  4- 6 || total
-------------------------+-------+-------++-------
Melee: Dagger            |   137 |   134 ||   271
 Cast: Corona            |     4 |       ||     4
       Dazzling Spray    |       |    16 ||    16
 Abil: Shaft Self        |       |     4 ||     4
 Stab: Sleeping          |     7 |     1 ||     8
       Invisible         |       |     4 ||     4
       Distracted        |       |     1 ||     1
  Eat: Chunk             |     1 |     4 ||     5
       Ration            |       |     1 ||     1
Armor: Robe              |    11 |    13 ||    24
Dodge: Dodged            |    57 |    98 ||   155
